AoeStats
← 小小吸管

Arena

510097196Analyzed
4v4 RM · 22h ago on Sep 29, 2026· 58m 41s· 8 players
Game mode
Random Map
Map size
Large (8 player)
Population
200
Speed
Normal
Resources
Standard
Victory
Conquest
Starting age
Dark Age
Ending age
Imperial Age
RankedLock teamsTeams togetherTeam positionsShared explorationLock speedFull tech treeHidden civsTurbo modeCheats
Victory
Defeat
🇩🇪 Saxons · Germany
1257
+11
🇨🇳 Franks · China
1195
+14
🇪🇸 Hindustanis · Spain
1191
+14
🇦🇷 Saxons · Argentina
1126
+16
🇨🇳 Poles · China
1215
-16
🇹🇼 Teutons · Taiwan
1194
-16
🇹🇼 Persians · Taiwan
1087
-12
🇹🇼 Byzantines · Taiwan
1079
-11
Director PC
11:18 Feudal Age
14:49 Castle Age
12:41 Double-Bit Axe
12:55 Horse Collar
15:56 Bow Saw
19:16 Heavy Plow
20:31 Wheelbarrow
21:11 Gold Mining
21:57 Light Cavalry
22:42 Husbandry
25:10 Scale Barding Armor
26:41 Hand Cart
26:15 Town Watch
29:10 Imperial Age
26:30 Loom
26:59 Bloodlines
27:31 Chain Barding Armor
27:51 Forging
27:35 Fletching
29:38 Bodkin Arrow
30:35 Plate Barding Armor
29:27 Heavy Camel Rider
31:05 Iron Casting
31:08 Conscription
31:16 Grand Trunk Road
33:12 Chemistry
32:33 Ballistics
32:16 Bracer
33:28 Elite Ghulam
35:05 Hoardings
35:35 Blast Furnace
34:50 Masonry
35:49 Imperial Camel Rider
37:02 Padded Archer Armor
37:02 Scale Mail Armor
37:08 Shatagni
38:34 Caravan
39:11 Siege Engineers
40:22 Hussar
41:54 Leather Archer Armor
41:54 Chain Mail Armor
44:50 Ring Archer Armor
51:09 Squires
50:54 Arson
54:09 Siege Elephant
TheRealDrHoused
11:12 Feudal Age
11:09 Loom
12:19 Loom
15:15 Castle Age
14:17 Double-Bit Axe
14:15 Horse Collar
16:38 Bow Saw
21:42 Gold Mining
25:48 Scale Mail Armor
26:25 Town Watch
27:41 Wheelbarrow
28:03 Chain Mail Armor
28:57 Squires
28:42 Arson
28:43 Gambesons
29:34 Forging
30:27 Stone Mining
31:31 Hand Cart
32:09 Iron Casting
36:15 Heavy Plow
39:44 Imperial Age
39:52 Elite Varangian Guard
39:59 Capped Ram
41:04 Conscription
41:18 Plate Mail Armor
43:37 Siege Ram
43:54 Shield Wall
48:46 Fletching
49:59 Gold Shaft Mining
51:33 Two-Man Saw
chaqinha
10:52 Feudal Age
15:13 Castle Age
13:54 Double-Bit Axe
15:02 Loom
17:01 Horse Collar
20:21 Bow Saw
24:47 Wheelbarrow
25:17 Heavy Plow
25:50 Scale Mail Armor
26:06 Arson
26:24 Squires
27:41 Forging
28:16 Chain Mail Armor
29:34 Hand Cart
29:05 Town Watch
29:56 Iron Casting
33:59 Imperial Age
31:43 Gold Mining
31:43 Pikeman
33:53 Gold Shaft Mining
34:25 Halberdier
36:05 Plate Mail Armor
36:39 Town Patrol
40:16 Two-Man Saw
39:50 Crop Rotation
39:12 Stone Mining
42:29 Treadmill Crane
42:55 Man-at-Arms
43:20 Gambesons
44:03 Conscription
44:17 Shield Wall
44:55 Long Swordsman
45:29 Two-Handed Swordsman
47:07 Champion
53:12 Capped Ram
54:41 Siege Ram
乌兰巴托
11:15 Feudal Age
10:13 Loom
15:30 Castle Age
25:38 Wheelbarrow
28:54 Double-Bit Axe
29:03 Gold Mining
29:04 Stone Mining
29:54 Hand Cart
31:14 Forging
31:10 Scale Barding Armor
34:41 Iron Casting
34:07 Scale Mail Armor
36:19 Chain Mail Armor
38:50 Imperial Age
43:03 Fletching
43:14 Padded Archer Armor
45:19 Bodkin Arrow
45:40 Leather Archer Armor
44:47 Cranequins
52:56 Chemistry
52:17 Ballistics
中国足球
10:49 Feudal Age
11:32 Horse Collar
11:39 Double-Bit Axe
14:37 Castle Age
15:50 Bow Saw
18:40 Wheelbarrow
19:59 Loom
20:03 Town Watch
21:33 Hand Cart
21:18 Town Patrol
22:46 Gold Mining
23:15 Stone Mining
25:52 Scale Barding Armor
29:27 Imperial Age
27:05 Szlachta Privileges
28:00 Chain Barding Armor
28:45 Bloodlines
28:36 Husbandry
28:54 Forging
30:36 Iron Casting
29:43 Cavalier
30:48 Conscription
32:37 Blast Furnace
33:55 Fletching
36:37 Bodkin Arrow
38:03 Chemistry
37:24 Ballistics
37:10 Siege Engineers
37:09 Scale Mail Armor
37:17 Bracer
39:59 Treadmill Crane
43:18 Padded Archer Armor
44:25 Town Patrol
44:42 Leather Archer Armor
44:33 Heavy Plow
44:43 Scale Mail Armor
45:01 Fortified Wall
45:01 Masonry
44:57 Heavy Mounted Crossbowman
45:43 Thumb Ring
46:33 Light Cavalry
47:29 Chain Mail Armor
47:52 Lechitic Legacy
48:08 Hoardings
49:17 Capped Ram
49:45 Winged Hussar
51:57 Plate Mail Armor
51:26 Siege Ram
56:55 Squires
TingA
8:12 Loom
11:02 Feudal Age
13:28 Fletching
23:04 Castle Age
33:47 Wheelbarrow
33:36 Stone Mining
36:22 Hand Cart
36:49 Double-Bit Axe
38:00 Gambesons
38:55 Gold Mining
44:51 Stone Shaft Mining
45:54 Bow Saw
46:45 Horse Collar
49:19 Pikeman
50:20 Squires
50:38 Arson
51:48 Heavy Plow
52:13 Thumb Ring
55:41 Forging
55:32 Scale Mail Armor
56:01 Elite Skirmisher
bluemountain
6:14 Loom
9:11 Feudal Age
9:46 Town Watch
9:49 Double-Bit Axe
10:16 Fletching
19:32 Horse Collar
23:49 Castle Age
25:19 Wheelbarrow
27:17 Bow Saw
27:22 Heavy Plow
28:36 Gold Mining
33:53 Imperial Age
31:27 Squires
30:48 Pikeman
31:59 Arson
32:32 Scale Mail Armor
32:42 Forging
33:36 Forging
33:41 Chain Mail Armor
33:36 Bodkin Arrow
35:00 Conscription
34:04 Halberdier
35:22 Iron Casting
35:46 Padded Archer Armor
36:49 Hand Cart
37:19 Crenellations
38:02 Blast Furnace
37:33 Plate Mail Armor
39:01 Chemistry
38:22 Ballistics
40:02 Crop Rotation
40:46 Leather Archer Armor
43:20 Ring Archer Armor
44:55 Fortified Wall
44:50 Siege Engineers
44:57 Masonry
45:02 Stone Mining
45:38 Ironclad
44:52 Elite Teutonic Knight
46:55 Gambesons
46:55 Elite Skirmisher
51:17 Scale Barding Armor
56:20 Hoardings
55:29 Capped Ram
57:20 Arrowslits
小小吸管
11:04 Feudal Age
15:01 Castle Age
13:08 Double-Bit Axe
13:07 Horse Collar
17:40 Bow Saw
21:19 Wheelbarrow
24:12 Gold Mining
25:54 Heavy Plow
29:00 Imperial Age
29:00 Husbandry
29:10 Bloodlines
29:12 Scale Barding Armor
29:17 Forging
28:50 Cavalier
30:23 Gold Shaft Mining
31:24 Two-Man Saw
30:56 Crop Rotation
31:12 Conscription
31:44 Chain Barding Armor
32:00 Iron Casting
33:50 Plate Barding Armor
33:56 Hand Cart
33:25 Savar
36:13 Stone Mining
38:40 Blast Furnace
39:20 Caravan
42:30 Light Cavalry
Connection lost

Rejoining the realm…

Still unreachable

The connection could not be restored.

Session expired

The server has moved on; the page needs a fresh start.